 Dungeon Crawl Stone Soup version 0.28-a0-382-g33c4956463 (webtiles) character file.

Game seed: 17745702364219449056

46 GordonOverkill the Grave Robber (level 3, 0/16 HPs)
             Began as a Felid Necromancer on Sept 2, 2021.
             Succumbed to an adder's poison
             ... on level 2 of the Dungeon.
             The game lasted 00:02:55 (3888 turns).

GordonOverkill the Grave Robber (Felid Necromancer) Turns: 3888, Time: 00:02:55

Health: 0/16       AC:  1    Str:  4    XL:     3   Next: 44%
Magic:  2/8        EV: 17    Int: 17    God:
Gold:   95         SH:  0    Dex: 16    Spells: 3/7 levels left
                                        Lives:  0   Deaths: 0

rFire   . . .      SeeInvis +   (weapon unavailable)
rCold   . . .      Faith    .   (shield unavailable)
rNeg    . . .      Spirit   .   (armour unavailable)
rPois   .          Reflect  .   (helmet unavailable)
rElec   .          Harm     .   (cloak unavailable)
rCorr   .          Rampage  .   (gloves unavailable)
Will    .....                   (boots unavailable)
Stlth   ++........              (no amulet)
HPRegen 0.05/turn               (no ring)
MPRegen 0.11/turn               (no ring)

@: lethally poisoned (0 -> -7), very slightly contaminated, quick
A: very small, claws 1, fangs 3, see invisible, speed 1, shaggy fur 1, stealthy
paws, no weapons or thrown items, no armour, multi-lived
a: no special abilities


You were on level 2 of the Dungeon.
You visited 1 branch of the dungeon, and saw 2 of its levels.

You collected 95 gold pieces.

Inventory:

Scrolls
 b - a scroll of torment {unknown}
 c - a scroll of fear {unknown}
 d - a scroll of identify
Potions
 a - a potion of brilliance


   Skills:
 + Level 2.1 Fighting
 - Level 2.6 Dodging
 - Level 2.6 Stealth
 + Level 2.9 Spellcasting
 - Level 4.0 Necromancy


You had 3 spell levels left.
You knew the following spells:

 Your Spells              Type           Power      Damage    Failure   Level
a - Pain                  Necr           64%        1d7       3%          1
b - Vampiric Draining     Necr           8%         2d7       11%         3

Your spell library contained the following spells:

 Spells                   Type           Power      Damage    Failure   Level
 Animate Skeleton         Necr           32%        N/A       3%          1
 Tukima's Dance           Hex            2%         N/A       47%         3
 Animate Dead             Necr           8%         N/A       34%         4
 Agony                    Necr           16%        N/A       67%         5
 Passage of Golubria      Tloc           N/A        N/A       87%         4
 Yara's Violent Unravell  Hex/Tmut       1%         3d3       99%         5


Dungeon Overview and Level Annotations

Branches:
Dungeon (2/15)

Altars:

Shops:
D:2 ((=


Innate Abilities, Weirdness & Mutations

You have sharp claws.
You have razor-sharp teeth.
You have supernaturally acute eyesight. (SInv)
You cover ground quickly. (Speed+)
You are covered in fur. (AC +1)
Your paws help you pounce on unaware monsters.
You are incapable of wielding weapons or throwing items.
You cannot wear armour.
You gain extra lives every three experience levels.


Message History

Confirm with . or Enter, or press ? or * to list all spells.
Aiming: Pain (safe; 3% risk of failure)
Press: ? - help, Shift-Dir - straight line, f/p - adder
Aim: an adder (severely wounded, chance to affect: 81%)
The adder writhes in agony.
A goblin comes into view. It is wielding a +0 club.
Casting: Pain (safe; 3% risk of failure)
Confirm with . or Enter, or press ? or * to list all spells.
Aiming: Pain (safe; 3% risk of failure)
Press: ? - help, Shift-Dir - straight line, f/p - adder
Aim: an adder (severely wounded, chance to affect: 81%)
The adder writhes in agony.
The goblin unwields a +0 club.
The goblin wields a +0 hunting sling.
The goblin shoots a stone.
The stone barely misses you. The adder closely misses you.
Casting: Pain (safe; 3% risk of failure)
Confirm with . or Enter, or press ? or * to list all spells.
Aiming: Pain (safe; 3% risk of failure)
Press: ? - help, Shift-Dir - straight line, f/p - adder
Aim: an adder (almost dead, chance to affect: 81%)
The adder barely resists.
The adder closely misses you.
The goblin shoots a stone.
The stone barely misses you.
Casting: Pain (safe; 3% risk of failure)
Confirm with . or Enter, or press ? or * to list all spells.
Aiming: Pain (safe; 3% risk of failure)
Press: ? - help, Shift-Dir - straight line, f/p - adder
Aim: an adder (severely wounded, chance to affect: 81%)
You miscast Pain.
You are very lightly contaminated with residual magic.
Nothing appears to happen.
The adder bites you.
* * * LOW HITPOINT WARNING * * *
You are poisoned.
The adder poisons you!
The goblin shoots a stone.
The stone hits you.
* * * LOW HITPOINT WARNING * * *
Casting: Pain (safe; 3% risk of failure)
Confirm with . or Enter, or press ? or * to list all spells.
Aiming: Pain (safe; 3% risk of failure)
Press: ? - help, Shift-Dir - straight line, f/p - adder
Aim: an adder (severely wounded, chance to affect: 81%)
The adder barely resists.
You die...

### .. ##
#.# ## #.###
..# ..
##...#..# ..
#8.⌠..#.# ..
#..S@#.# ##
#∩#...#.# ..
#_#8#..####
## g.
##......#
..⌠ #......#
#.
#......#####
.
##..........
##.########
#.#


You could see an adder and a goblin.

Vanquished Creatures
  An adder (D:2)
  A worm (D:2)
  A dart slug (D:2)
  2 ball pythons (D:1)
  4 endoplasms
  2 giant cockroaches (D:1)
  4 goblins
  3 hobgoblins
  4 kobolds (D:1)
  A quokka (D:1)
  3 frilled lizards
  3 rats (D:1)
29 creatures vanquished.

Notes
Turn   | Place    | Note
-------+----------+-------------------------------------------
     0 | D:1      | GordonOverkill the Felid Necromancer began the quest for
                  | the Orb.
     0 | D:1      | Reached XP level 1. HP: 7/7 MP: 4/4
   870 | D:1      | Reached skill level 1 in Fighting
   875 | D:1      | Reached XP level 2. HP: 9/12 MP: 1/6
  2417 | D:2      | Reached XP level 3. HP: 15/16 MP: 6/8
  2438 | D:2      | Learned a level 3 spell: Vampiric Draining
  3055 | D:2      | Found Untunac's Weapon Emporium.
  3074 | D:2      | Found Fuir Ciwk's Jewellery Emporium.
  3264 | D:2      | Found Eloram's Weapon Shoppe.
  3881 | D:2      | Found a faded altar of an unknown god.
  3888 | D:2      | Succumbed to an adder's poison

Illustrated notes

Levels and vault maps discovered:
D:1:      minmay_arrival_open_corners, layout_basic, minmay_door_square,
          minmay_tromino_v2
D:2:      layout_basic, shapermc_ecumenical_altar_venn, serial_shops,
          nicolae_diamond_shop, nicolae_shop_temple_entry_statues_fountains,
          shop_fountains, grunt_ministairs_3

Skill      XL: |  1  2  3 |
---------------+----------+-----
Fighting       | 1 2 |  2.1
Dodging        | |  2.6
Stealth        | |  2.6
Spellcasting   | |  2.9
Necromancy     | |  4.0

Action                   || total
-------------------------++-------
 Cast: Pain              ||    67
  Use: Scroll            ||     1
Armor: Skin              ||     1
Dodge: Dodged            ||     5

Table legend: (Time is in decaauts)
 A = Elapsed time spent in this place.
 B = Non-inter-level travel time spent in this place.
 C = Inter-level travel time spent in this place.
 D = Time resting spent in this place.
 E = Time spent auto-exploring this place.
 F = Levels seen in this place.
 G = Mean time per level.
                   A        B        C        D        E       F      G
               +--------+--------+--------+--------+--------+-----+--------+
         Total |   3605 |   3558 |     47 |   2320 |    979 |   2 | 1802.5 |
       Dungeon |   3605 |   3558 |     47 |   2320 |    979 |   2 | 1802.5 |
               +--------+--------+--------+--------+--------+-----+--------+

Top non-repeatable levels by time:
     D:1: 1966 daAuts
     D:2: 1639 daAuts
